 Dungeon Sprint DCSS version 0.31-a0-523-g071a6c1ffa (webtiles) character file.

Game seed: 5787677327124438112

200 Midn8 the Grappler (level 8, -11/88 HPs)
             Began as a Troll Fighter on Aug 11, 2023.
             Was a Follower of Uskayaw.
             Mangled by a naga warlord
             ... wielding a +0 scimitar
              (15 damage)
             ... in the Dungeon (Sprint VI: "Thunderdome").
             The game lasted 00:07:30 (566 turns).

Midn8 the Grappler (Troll Fighter)                   Turns: 566, Time: 00:07:31

Health: -11/88     AC:  5    Str: 25    XL:     8   Next: 10%
Magic:  1/11       EV:  8    Int:  6    God:    Uskayaw [*.....]
Gold:   88         SH: 10    Dex: 16    Spells: 7/7 levels left

rFire   . .          .
                       - Unarmed
rCold   . . .        b - +0 kite shield
rNeg    . . .        a - +0 robe
rPois   +            (helmet restricted)
rElec   +            r - +0 cloak "Ybbour" {rElec Str-2 Dex+3}
rCorr   .            (gloves unavailable)
SInv    +            (boots unavailable)
Will    ++...        (no amulet)
Stlth   ++           p - ring "Tavvoh" {Drain Will+ Int+2 Dex+4 Stlth+}
HPRegen 1.14/turn    q - ring of Internal Strife {rPois Will+ SInv}
MPRegen 0.12/turn

%: no teleportation
@: constricted
A: large, unfitting armour, claws 3, regeneration 1, shaggy fur 1, tough skin 1
a: Renounce Religion, Stomp


You were in the Dungeon.
You worshipped Uskayaw.
Uskayaw was noncommittal.
You visited 1 branch You collected 600 gold pieces.
You spent 512 gold pieces at shops.

Inventory:

Armour
 a - a +0 robe (worn)
 b - a +0 kite shield (worn)
 r - the +0 cloak "Ybbour" (worn) {rElec Str-2 Dex+3}
   (You bought it in a shop in the Dungeon)

   Str-2:     It affects your strength (-2).
   Dex+3:     It affects your dexterity (+3).
   rElec:     It insulates you from electricity.
Jewellery
 n - the amulet of Xom, Hurtling {Acrobat rF+ Will- Str+2 Int+6}
   (You bought it in a shop in the Dungeon)

   [amulet of the acrobat]

   Acrobat:   It increases your evasion while moving and waiting.
   Str+2:     It affects your strength (+2).
   Int+6:     It affects your intelligence (+6).
   rF+:       It protects you from fire.
   Will-:     It decreases your willpower.
 o - the ring of Xaevu {Wiz Dex+4}
   (You bought it in a shop in the Dungeon)

   [ring of wizardry]

   Wiz:       It improves your spell success rate.
   Dex+4:     It affects your dexterity (+4).
 p - the ring "Tavvoh" (left claw) {Drain Will+ Int+2 Dex+4 Stlth+}
   (You bought it in a shop in the Dungeon)

   [ring of willpower]

   Int+2:     It affects your intelligence (+2).
   Dex+4:     It affects your dexterity (+4).
   Will+:     It increases your willpower.
   Drain:     It drains your maximum health when unequipped.
   Stlth+:    It makes you more stealthy.
 q - the ring of Internal Strife (right claw) {rPois Will+ SInv}
   (You bought it in a shop in the Dungeon)

   [ring of see invisible]

   rPois:     It protects you from poison Will+: It increases your willpower.
   SInv:      It lets you see invisible.
Wands
 j - a wand of light (5)
 k - a wand of roots (5)
Scrolls
 i - 4 scrolls of blinking
 l - 2 scrolls of fog
Potions
 c - a potion of might
 d - a potion of curing
 e - 4 potions of heal wounds
 f - 4 potions of haste
 g - 2 potions of magic
 h - a potion of berserk rage
 m - a potion of resistance


   Skills:
 + Level 8.1 Fighting
 - Level 5.0 Dodging
 - Level 5.5 Shields
 * Level 11.9 Unarmed Combat
 + Level 5.7 Invocations


You had 7 spell levels left.
You didn't know any spells.
Your spell library was empty.

Dungeon Overview and Level Annotations

Branches:
Dungeon (1/1)

Altars:
Cheibriados
Dithmenos
Fedhas
Gozag
Kikubaaqudgha
Makhleb
Okawaru
Qazlal
Ru
Sif Muna
Trog
Uskayaw
Vehumet
Wu Jian
Xom
Yredelemnul
Zin
The Shining One
Lugonu

Shops:
D *[=??*?*:[((!!!!


Innate Abilities, Weirdness & Mutations

You are too large for most types of armour.
You have claws for hands.
Your natural rate of healing is unusually fast.
You are covered in fur. (AC +1)
You have tough skin. (AC +1)


Message History

The mana viper hisses angrily.
You claw the naga warlord!
The naga warlord is moderately wounded.
The naga warlord spits poison at you. The splash of poison hits you.
You resist. The naga warlord constricts you.
You mangle the naga warlord!!
The naga warlord is moderately wounded.
You can now pass through a line of other dancers.
You scratch the naga warlord but do no damage.
The naga warlord is moderately wounded.
The naga warlord hits you with a +0 scimitar!!
The naga warlord constricts you.
You barely miss the naga warlord.
The naga warlord is moderately wounded.
The naga warlord hits you with a +0 scimitar.
The naga warlord constricts you.
You claw the naga warlord!
The naga warlord is heavily wounded.
The naga warlord hits you with a +0 scimitar!!
* * * LOW HITPOINT WARNING * * *
The naga warlord constricts you.
* * * LOW HITPOINT WARNING * * *
You scratch the naga warlord but do no damage.
The naga warlord is heavily wounded.
The mana viper bites you!
* * * LOW HITPOINT WARNING * * *
You feel your power leaking away. The naga warlord spits poison at you.
The splash of poison hits you. You resist.
* * * LOW HITPOINT WARNING * * *
The naga warlord constricts you.
* * * LOW HITPOINT WARNING * * *
Unknown command.
You stomp with the beat, sending a shockwave through the revellers around you!
The naga warlord is severely wounded.
The mana viper is moderately wounded.
You can no longer pass through a line of other dancers.
The mana viper closely misses you.
The naga warlord hits you with a +0 scimitar!
You die...

######.8.3.......8.
##∩.__[.....###.....
###∩........8.# #.8...
##.............###.....
#⌠..........###...###..
#⌠........÷.# #.<.# #..
#⌠..........###...###..
##........÷....###.....
###∩.@N.....8.# #.8...
##∩_S_......###.....
######.8.........8.
#§...........⌠
###.........##
#_.....)._# #_..)...._#
#_......._# #∩.......∩#


You could see a naga warlord (catching breath) and a mana viper.

Vanquished Creatures
  Sigmund (D)
  2 neqoxecs (D)
  2 nagas (D)
  A water moccasin (D)
  5 scorpions (D)
  A killer bee (D)
  2 adders (D)
  A giant cockroach (D)
  A hobgoblin (D)
  3 kobolds (D)
  A ball python (D)
20 creatures vanquished.

Notes
Turn   | Place    | Note
-------+----------+-------------------------------------------
     0 | D        | Midn8 the Troll Fighter began the quest for the Orb.
     0 | D        | Reached XP level 1. HP: 22/22 MP: 0/0
     1 | D        | Found a glowing golden altar of the Shining One.
     1 | D        | Found a radiant altar of Vehumet.
     2 | D        | Found an opulent altar of Gozag.
     3 | D        | Found an ancient bone altar of Kikubaaqudgha.
     4 | D        | Found Luol Emm's Identification Station.
     4 | D        | Found a stormy altar of Qazlal.
     4 | D        | Found a hide-covered altar of Uskayaw.
     4 | D        | Found Amnun's Timeless Talismans.
     5 | D        | Found Cok Abruabi's Advanced Armour.
     5 | D        | Found Rugoigam's Jewellery.
     5 | D        | Round 1.
     6 | D        | Found an iron altar of Okawaru.
     7 | D        | Found a blossoming altar of Fedhas.
     7 | D        | Found a snail-covered altar of Cheibriados.
     7 | D        | Found a sacrificial altar of Ru.
     7 | D        | Found Subreca's Premium Goods.
     7 | D        | Found Hogeta's Weapon Rack.
     8 | D        | Found Pauntesh's Miscellaneous Merchandise.
     8 | D        | Found Ceag's Basic Armour.
     8 | D        | Noticed Sigmund
    14 | D        | Found a glowing silver altar of Zin.
    15 | D        | Found a basalt altar of Yredelemnul.
    16 | D        | Found a burning altar of Makhleb.
    16 | D        | Found a shimmering altar of Xom.
    17 | D        | Found Peufev's Do-It-Yourself Clinic.
    17 | D        | Found a corrupted altar of Lugonu.
    17 | D        | Found Didyum's Distillery.
    18 | D        | Found Ridum's Bottled Wisdom.
    18 | D        | Found Mixurika's Distillery.
    21 | D        | Found a shimmering blue altar of Sif Muna.
    22 | D        | Found an ornate altar of the Wu Jian Council.
    23 | D        | Found a bloodstained altar of Trog.
    23 | D        | Found a shadowy altar of Dithmenos.
    23 | D        | Found Ypizeb's Staff Store.
    23 | D        | Found Waoj's Magic Scroll Shop.
    24 | D        | Found Qiynumot's Must-Have Magic.
    24 | D        | Found Ifry's Magic Scroll Shop.
    46 | D        | Killed Sigmund
    47 | D        | Reached skill level 5 in Fighting
    47 | D        | Reached skill level 5 in Dodging
    47 | D        | Reached skill level 5 in Shields
    47 | D        | Reached skill level 5 in Unarmed Combat
    47 | D        | Reached XP level 2. HP: 9/35 MP: 1/1
    47 | D        | Reached XP level 3. HP: 11/42 MP: 2/2
    47 | D        | Reached XP level 4. HP: 13/50 MP: 3/3
    47 | D        | Reached XP level 5. HP: 15/57 MP: 4/4
    49 | D        | Became a worshipper of Uskayaw the Reveller
    70 | D        | Bought a bound bronze amulet for 45 gold pieces
    70 | D        | Identified the amulet of Xom, Hurtling {Acrobat rF+ Will-
                  | Str+2 Int+6} (You bought it in a shop in the Dungeon)
    70 | D        | Bought an ancient amber ring for 45 gold pieces
    70 | D        | Identified the ring of Xaevu {Wiz Dex+4} (You bought it in
                  | a shop in the Dungeon)
    70 | D        | Bought an ancient granite ring for 45 gold pieces
    70 | D        | Identified the ring "Tavvoh" {Drain Will+ Int+2 Dex+4
                  | Stlth+} (You bought it in a shop in the Dungeon)
    71 | D        | Bought a bound golden ring for 45 gold pieces
    71 | D        | Identified the ring of Internal Strife {rPois Will+ SInv}
                  | (You bought it in a shop in the Dungeon)
   165 | D        | Reached * piety under Uskayaw
   168 | D        | Arena points: 14 (+14) [x2]
   202 | D        | Round 2.
   213 | D        | Reached ** piety under Uskayaw
   216 | D        | Reached skill level 6 in Unarmed Combat
   221 | D        | Reached *** piety under Uskayaw
   223 | D        | Reached skill level 7 in Unarmed Combat
   223 | D        | Reached XP level 6. HP: 42/67 MP: 5/5
   223 | D        | Reached **** piety under Uskayaw
   224 | D        | Reached skill level 8 in Unarmed Combat
   224 | D        | Reached skill level 1 in Invocations
   229 | D        | Reached ***** piety under Uskayaw
   230 | D        | Reached skill level 9 in Unarmed Combat
   248 | D        | Arena points: 56 (+42) [x3]
   286 | D        | Round 3.
   315 | D        | Reached XP level 7. HP: 78/78 MP: 8/8
   325 | D        | Reached skill level 10 in Unarmed Combat
   405 | D        | Arena points: 140 (+84) [x4]
   406 | D        | Reached skill level 11 in Unarmed Combat
   406 | D        | Reached skill level 5 in Invocations
   470 | D        | Round 4.
   476 | D        | Noticed a neqoxec
   478 | D        | Noticed a neqoxec
   478 | D        | Noticed a neqoxec
   480 | D        | Noticed a neqoxec
   487 | D        | Killed a neqoxec
   491 | D        | Killed a neqoxec
   492 | D        | Reached XP level 8. HP: 63/88 MP: 9/11
   535 | D        | Arena points: 200 (+60) [x5]
   550 | D        | Bought a brightly glowing cloak for 332 gold pieces
   550 | D        | Identified the +0 cloak "Ybbour" {rElec Str-2 Dex+3} (You
                  | bought it in a shop in the Dungeon)
   550 | D        | Round 5.
   551 | D        | Noticed a naga warlord
   558 | D        | Noticed a mana viper
   565 | D        | HP: 3/88 [constriction (4)]
   566 | D        | Mangled by a naga warlord

Illustrated notes

Levels and vault maps discovered:
D:        arena_sprint

Skill      XL: |  1  2  3  4  5  6  7 |
---------------+----------------------+-----
Fighting       | 5 6 7 8 |  8.1
Dodging        | 5 |  5.0
Shields        | 5 |  5.5
Unarmed Combat | 5 7 9 11 | 11.9
Invocations    | 3 5 |  5.7

Action                     |  1- 3 |  4- 6 |  7- 9 || total
---------------------------+-------+-------+-------++-------
  Melee: Unarmed           |     7 |    36 |    29 ||    72
 Invoke: Stomp             |       |       |     1 ||     1
    Use: Scroll            |       |       |     1 ||     1
   Stab: Paralysed         |       |     1 |     1 ||     2
 Armour: Robe              |     1 |     4 |     1 ||     6
  Dodge: Dodged            |       |    16 |     7 ||    23
  Block: Kite shield       |     1 |     9 |     7 ||    17

Table legend: (Time is in decaauts)
 A = Elapsed time spent in this place.
 B = Non-inter-level travel time spent in this place.
 C = Inter-level travel time spent in this place.
 D = Time resting spent in this place.
 E = Time spent auto-exploring this place.
 F = Levels seen in this place.
 G = Mean time per level.
                   A        B        C        D        E       F      G
               +--------+--------+--------+--------+--------+-----+--------+
         Total |    561 |    548 |     13 |    117 |     11 |   1 |  561.0 |
       Dungeon |    561 |    548 |     13 |    117 |     11 |   1 |  561.0 |
               +--------+--------+--------+--------+--------+-----+--------+

Top non-repeatable levels by time:
       D: 561 daAuts
